Map: Eternal Empire LE

Players

KingCobra - Winner!

  • Race: Protoss Protoss
  • Spawn Location: 1:00

MaxPax

  • Race: Protoss Protoss
  • League: Master
  • Spawn Location: 7:00

Event: DreamHack SC2 Masters 2020 Fall

VOD

Have the link to the VOD?

Description

Time

  • Played on: Sept. 3, 2020, 11:15 a.m.
  • Length: 13:38

All games in this series

Show
View Real Time Build Order
Export as new Build Order

KingCobra Protoss - Winner!

Build Orders: Proxy Void Ray 

Get SALT Encoding   

  12  0:00  Probe  
  13  0:12  Probe  
  14  0:17  Pylon  
  14  0:25  Probe  
  15  0:36  Gateway  
  15  0:38  Probe (Chrono Boost)  
  16  0:44  Assimilator  
  16  0:48  Probe (Chrono Boost)  
  17  0:54  Probe  
  18  0:59  Assimilator  
  18  1:06  Probe  
  19  1:15  Pylon  
  19  1:23  Cybernetics Core  
  20  1:25  Probe  
  20  1:32  Pylon  
  20  1:37  Zealot  
  22  1:42  Probe  
  23  2:00  Stargate  
  23  2:03  Stalker (Chrono Boost)  
  25  2:13  Shield Battery  
  25  2:22  Shield Battery  
  25  2:31  Pylon  
  25  2:34  Void Ray (Chrono Boost)  
  29  2:56  Shield Battery  
  29  3:04  Void Ray (Chrono Boost)  
  33  3:33  Shield Battery  
  31  3:40  Void Ray (Chrono Boost)  
  31  3:41  Shield Battery, Pylon  
  35  4:06  Shield Battery  
  33  4:12  Void Ray (Chrono Boost)  
  33  4:17  Pylon  
  37  4:32  Shield Battery  
  37  4:39  Shield Battery  
  37  4:45  Void Ray  
  41  4:56  Shield Battery  
  41  5:10  Shield Battery  
  41  5:20  Void Ray (Chrono Boost)  
  41  5:30  Shield Battery  
  44  5:47  Adept  
  44  5:49  Void Ray  
  50  6:22  Pylon  
  47  6:34  Void Ray  
  47  6:36  Probe  
  51  6:49  Forge  
  51  7:00  Probe  
  52  7:10  Void Ray (Chrono Boost)  
  52  7:12  Probe  
  52  7:13  Pylon  
  53  7:29  Photon Cannon  
  53  7:43  Void Ray  
  53  7:49  Photon Cannon  
  57  7:53  Protoss Air Weapons Level 1  
  57  7:57  Pylon  
  57  8:09  Pylon  
  56  8:15  Probe  
  57  8:20  Void Ray (Chrono Boost)  
  61  8:49  Fleet Beacon  
  63  9:04  Pylon  
  63  9:20  Pylon  
  62  9:30  Tempest (Chrono Boost), Pylon  
  64  9:43  Unknown  
  64  9:58  Pylon  
  64  10:06  Tempest (Chrono Boost)  
  61  10:46  Tempest (Chrono Boost)  
  66  10:58  Pylon  
  62  11:19  Void Ray (Chrono Boost)  
  66  11:42  Photon Cannon  
  66  11:43  Photon Cannon  
  66  11:51  Void Ray (Chrono Boost)  
  63  12:24  Void Ray  
Show
View Real Time Build Order
Export as new Build Order

MaxPax Protoss 

Build Orders: Phoenix Opening, Mass Phoenix 

Get SALT Encoding   

  12  0:00  Probe  
  13  0:12  Probe  
  14  0:17  Pylon  
  14  0:24  Probe  
  15  0:36  Probe (Chrono Boost)  
  15  0:37  Gateway  
  16  0:47  Assimilator, Probe (Chrono Boost)  
  17  0:52  Probe (Chrono Boost)  
  18  1:00  Assimilator  
  18  1:03  Probe  
  19  1:15  Probe  
  20  1:20  Pylon  
  20  1:27  Probe  
  20  1:29  Cybernetics Core  
  21  1:39  Probe  
  22  1:51  Probe  
  23  1:55  Pylon  
  23  2:02  Stalker (Chrono Boost)  
  23  2:03  Probe  
  26  2:14  Stargate  
  26  2:17  Probe  
  27  2:23  Stalker (Chrono Boost)  
  27  2:25  Warp Gate  
  29  2:38  Shield Battery  
  29  2:47  Stalker  
  29  2:48  Shield Battery  
  31  2:54  Pylon  
  31  3:03  Pylon  
  31  3:11  Phoenix (Chrono Boost)  
  32  3:12  Shield Battery  
  32  3:28  Phoenix (Chrono Boost)  
  32  3:30  Shield Battery  
  32  3:31  Stalker  
  35  3:38  Shield Battery  
  35  3:52  Phoenix (Chrono Boost)  
  35  4:13  Shield Battery, Stalker  
  35  4:15  Phoenix (Chrono Boost)  
  37  4:32  Phoenix, Gateway  
  39  4:40  Shield Battery  
  39  4:56  Phoenix  
  41  5:00  Gateway  
  41  5:05  Pylon  
  37  5:21  Phoenix  
  37  5:27  Zealot, Cybernetics Core  
  41  5:46  Phoenix  
  41  5:50  Pylon  
  41  6:05  Shield Battery  
  41  6:08  Shield Battery  
  41  6:10  Adept  
  41  6:11  Adept  
  45  6:16  Phoenix  
  47  6:25  Shield Battery  
  47  6:38  Stalker  
  47  6:43  Pylon  
  47  6:53  Phoenix  
  47  7:06  Pylon  
  45  7:18  Phoenix  
  45  7:20  Robotics Facility  
  45  7:29  Adept x2  
  49  7:43  Phoenix (Chrono Boost)  
  51  8:04  Phoenix (Chrono Boost)  
  53  8:09  Observer  
  53  8:10  Pylon  
  54  8:19  Pylon  
  54  8:29  Warp Prism  
  56  8:36  Observer  
  56  8:39  Phoenix  
  58  9:04  Phoenix  
  60  9:46  Nexus  
  58  9:58  Pylon  
  58  10:13  Phoenix  
  60  10:38  Phoenix (Chrono Boost)  
  62  10:59  Phoenix (Chrono Boost)  
  64  11:17  Sentry x2  
  66  11:24  Robotics Facility  
  68  11:38  Pylon  
  62  11:41  Pylon  
  56  11:58  Pylon  
  56  12:00  Pylon  
  57  12:10  Gateway  
  57  12:13  Cybernetics Core  
  56  12:18  Probe  
  57  12:23  Phoenix  
  57  12:30  Pylon  
  57  12:41  Assimilator  
  55  12:48  Probe  
  56  12:53  Shield Battery  
  52  13:04  Probe  
  37  13:14  Stalker  
  37  13:17  Probe  

Tags
 
Add a new tag
Caveats
  • Supply blocks, unpowered buildings, or Contaminate may cause inaccurate times.
  • Supply counts are checked every 10 seconds.